 Dungeon Crawl Stone Soup version 0.28-a0-1213-g0243856f03 (webtiles) character file.

Game seed: 317135536228320498

11948 kipponium the Slicer (level 11, -2/89 HPs)
             Began as a Gnoll Cinder Acolyte on Dec 21, 2021.
             Was a Believer of Ignis.
             Slain by an entropy weaver simulacrum (18 damage)
             ... in an ice cave.
             The game lasted 00:39:32 (14594 turns).

kipponium the Slicer (Gnoll Cinder Acolyte)        Turns: 14594, Time: 00:39:32

Health: -2/89      AC:  8    Str: 20    XL:     11   Next: 85%
Magic:  13/22      EV: 12    Int: 14    God:    Ignis [**....]
Gold:   582        SH:  9    Dex: 11    Spells: 18/24 levels left

rFire   + . .      SeeInvis .   y - +1 short sword (protect)
rCold   + . .      Faith    .   O - +0 kite shield
rNeg    . . .      Spirit   .   b - +0 robe
rPois   .          Reflect  .   G - +0 helmet
rElec   .          Harm     .   i - +1 cloak
rCorr   .          Rampage  .   u - +0 pair of gloves
Will    .....                   x - +0 pair of boots
Stlth   +++.......              K - amulet of regeneration
HPRegen 1.04/turn               v - ring of protection from cold
MPRegen 0.18/turn               C - +6 ring of strength

@: no status effects
A: fangs 1, strong nose, distributed training
a: Renounce Religion, Fiery Armour, Foxfire Swarm, Rising Flame


You were in an ice cave.
You worshipped Ignis.
Ignis was pleased with you.
You visited 1 branch of the dungeon, and saw 11 of its levels.
You also visited: Ice Cave.

You collected 582 gold pieces.

Inventory:

Hand Weapons
 a - a -1 short sword of flaming
 y - a +1 short sword of protection (weapon)
 D - a +0 falchion of electrocution
 N - a +4 scimitar
Missiles
 p - 5 poisoned darts
Armour
 b - a +0 robe (worn)
 i - a +1 cloak (worn)
 u - a +0 pair of gloves (worn)
 x - a +0 pair of boots (worn)
 G - a +0 helmet (worn)
 L - a +2 crystal plate armour of cold resistance
 O - a +0 kite shield (worn)
Magical Staves
 n - a staff of air
Jewellery
 e - a ring of wizardry
 r - a +4 ring of evasion
 v - a ring of protection from cold (left hand)
 C - a +6 ring of strength (right hand)
 K - an amulet of regeneration (around neck)
Wands
 F - a wand of flame (18) (quivered)
 I - a wand of digging (5)
 P - a wand of polymorph (1)
Scrolls
 c - 6 scrolls of fear
 d - 2 scrolls of acquirement {unknown}
 k - 5 scrolls of fog {unknown}
 l - a scroll of silence {unknown}
 m - 3 scrolls of blinking {unknown}
 q - 2 scrolls of magic mapping
 s - a scroll of torment {unknown}
 t - 3 scrolls of enchant armour
 w - 6 scrolls of teleportation {unknown}
 B - a scroll of brand weapon {unknown}
 E - a scroll of amnesia
Potions
 f - 2 potions of lignification
 g - a potion of curing
 h - a potion of attraction
 j - 4 potions of brilliance
 o - a potion of might
 z - 2 potions of resistance
 A - 3 potions of flight
 H - a potion of cancellation
 J - 2 potions of degeneration {unknown}


   Skills:
 + Level 9.4 Fighting
 + Level 9.4 Short Blades
 + Level 6.7 Long Blades
 + Level 6.7 Axes
 + Level 6.7 Maces & Flails
 + Level 6.7 Polearms
 + Level 6.7 Staves
 + Level 6.7 Slings
 + Level 6.7 Bows
 + Level 6.7 Crossbows
 + Level 6.7 Throwing
 + Level 6.7 Armour
 + Level 6.7 Dodging
 + Level 6.7 Stealth
 + Level 6.7 Shields
 + Level 6.7 Unarmed Combat
 + Level 7.3 Spellcasting
 + Level 5.5 Conjurations
 + Level 5.5 Hexes
 + Level 5.5 Summonings
 + Level 5.5 Necromancy
 + Level 5.5 Translocations
 + Level 5.5 Transmutations
 + Level 7.9 Fire Magic
 + Level 5.5 Ice Magic
 + Level 5.5 Air Magic
 + Level 5.5 Earth Magic
 + Level 5.5 Poison Magic
 + Level 7.3 Invocations
 + Level 6.7 Evocations


You had 18 spell levels left.
You knew the following spells:

 Your Spells              Type           Power      Damage    Failure   Level
a - Scorch                Fire           54%        2d8       2%          2
b - Searing Ray           Conj           40%        2d5       6%          2
c - Passwall              Tmut/Erth      16%        N/A       6%          2

Your spell library contained the following spells:

 Spells                   Type           Power      Damage    Failure   Level
 Magic Dart               Conj           80%        1d7       4%          1
 Swiftness                Air            20%        N/A       12%         3
 Airstrike                Air            10%        N/A       38%         4
 Fulminant Prism          Conj/Hex       10%        3d9       38%         4
 Summon Lightning Spire   Summ/Air       20%        N/A       38%         4
 Lightning Bolt           Conj/Air       10%        1d23      75%         5
 Borgnjor's Revivificati  Necr           10%        N/A       100%        8
 Necromutation            Tmut/Necr      10%        N/A       100%        8
 Death's Door             Necr           10%        N/A       100%        9


Dungeon Overview and Level Annotations

Branches:
Dungeon (11/15)            Temple (0/1) D:4            Lair (0/6) D:9
  IceCv (1/1)
    Orc: D:9-12

Altars:
Ashenzari
Cheibriados
Dithmenos
Elyvilon
Qazlal
Ru
Uskayaw
Zin

Annotations:
IceCv exclusion: ice statue


Innate Abilities, Weirdness & Mutations

You have very sharp teeth.
Your uncanny sense of smell can sniff out nearby items.
Your experience applies equally to all skills.


Message History

You block the anaconda simulacrum's attack.
The anaconda simulacrum constricts you.
The anaconda simulacrum bites you but does no damage.
The anaconda simulacrum constricts you.
Casting: Scorch (safe; 2% risk of failure)
Confirm with . or Enter, or press ? or * to list all spells.
Flames lash the anaconda simulacrum.
The anaconda simulacrum melts!
The anaconda simulacrum vaporises!
You block the entropy weaver simulacrum's attack.
The entropy weaver simulacrum completely misses you.
The entropy weaver simulacrum hits you.
The entropy weaver simulacrum freezes you!
You resist. The entropy weaver simulacrum hits you!
The entropy weaver simulacrum freezes you!
You resist.
Casting: Scorch (safe; 2% risk of failure)
Confirm with . or Enter, or press ? or * to list all spells.
Flames lash the entropy weaver simulacrum.
The entropy weaver simulacrum melts!
The entropy weaver simulacrum is moderately damaged.
The entropy weaver simulacrum's fire resistance burns away.
You block the entropy weaver simulacrum's attack.
The entropy weaver simulacrum barely misses you.
The entropy weaver simulacrum hits you!
The entropy weaver simulacrum freezes you!
You resist.
* * * LOW HITPOINT WARNING * * *
The entropy weaver simulacrum hits you but does no damage.
Casting: Scorch (safe; 2% risk of failure)
Confirm with . or Enter, or press ? or * to list all spells.
Flames lash the entropy weaver simulacrum.
The entropy weaver simulacrum melts!
The entropy weaver simulacrum is severely damaged.
The entropy weaver simulacrum barely misses you.
You block the entropy weaver simulacrum's attack.
The entropy weaver simulacrum hits you!
* * * LOW HITPOINT WARNING * * *
The entropy weaver simulacrum freezes you!!
You resist.
You die...

#### $[$# ##
###.⌠.#
#..#.°Z..####
#...@#####≈#
####.≈≈#≈#≈#
#..≈#≈≈≈≈##
#...##≈≈≈#≈≈####
#####☼○#####≈≈.##
..☼§○. ###..#
..°§○.. ##..## ##
...§§§..# #..##
###. #...°..
###..# ##...


You could see an entropy weaver simulacrum (combustible).

Vanquished Creatures
  3 two-headed ogres
  Maurice (D:8)
  2 rime drakes (D:11)
  An ice devil (IceCv)
  An anaconda simulacrum (IceCv)
  Prince Ribbit (D:6)
  A hornet (D:7)
  A wraith (D:11)
  3 wyverns (D:9)
  16 yaks
  A basilisk (D:9)
  2 steam dragons
  A death yak simulacrum (IceCv)
  2 acid dragons
  A water moccasin (D:8)
  An orc warrior (D:7)
  A hornet zombie (D:8)
  An ice beast (D:6)
  3 sky beasts (D:5)
  2 black bears
  2 ogres (D:6)
  A necrophage (D:6)
  A phantom (D:4)
  3 centaurs
  4 bullfrogs
  3 scorpions
  4 two-headed ogre simulacra (IceCv)
  2 cane toad simulacra (IceCv)
  6 killer bees
  3 elephant simulacra (IceCv)
  13 wights
  4 howler monkeys
  2 bullfrog zombies
  4 centaur zombies
  3 hounds
  7 orc priests
  2 gnoll shamans (D:6)
  2 bullfrog skeletons
  2 jellies
  2 iguanas (D:6)
  7 orc wizards
  7 spriggan simulacra (IceCv)
  2 troll simulacra (IceCv)
  A wolf simulacrum (IceCv)
  A killer bee zombie (D:6)
  A hound skeleton (D:5)
  A howler monkey zombie (D:10)
  11 gnolls
  5 naga simulacra (IceCv)
  3 adders
  12 river rats (D:6)
  A shadow imp (D:7)
  7 white imps
  3 ufetubi (IceCv)
  An adder skeleton (D:4)
  2 worms (D:2)
  5 dart slugs
  25 orcs
  7 ball pythons
  10 endoplasms
  A giant cockroach (D:4)
  3 goblins
  5 hobgoblins
  3 jackals (D:1)
  11 quokkas
  5 bats
  9 frilled lizards
  6 kobolds
  25 rats
295 creatures vanquished.

Vanquished Creatures (others)
  45 foxfires
  A fungus (D:9)
  3 plants (D:4)
49 creatures vanquished.

Grand Total: 344 creatures vanquished

Notes
Turn   | Place    | Note
-------+----------+-------------------------------------------
     0 | D:1      | kipponium the Gnoll Cinder Acolyte began the quest for the
                  | Orb.
     0 | D:1      | Reached XP level 1. HP: 23/23 MP: 4/4
   143 | D:1      | Reached XP level 2. HP: 29/29 MP: 5/5
   146 | D:1      | Learned a level 2 spell: Scorch
  1001 | D:2      | Reached XP level 3. HP: 35/35 MP: 7/7
  1319 | D:2      | Reached skill level 1 in Invocations
  1623 | D:2      | Found a faded altar of an unknown god.
  1687 | D:2      | Reached skill level 1 in Long Blades
  1687 | D:2      | Reached skill level 1 in Axes
  1687 | D:2      | Reached skill level 1 in Maces & Flails
  1687 | D:2      | Reached skill level 1 in Polearms
  1687 | D:2      | Reached skill level 1 in Staves
  1687 | D:2      | Reached skill level 1 in Slings
  1687 | D:2      | Reached skill level 1 in Bows
  1687 | D:2      | Reached skill level 1 in Crossbows
  1687 | D:2      | Reached skill level 1 in Throwing
  1687 | D:2      | Reached skill level 1 in Armour
  1687 | D:2      | Reached skill level 1 in Dodging
  1687 | D:2      | Reached skill level 1 in Stealth
  1687 | D:2      | Reached skill level 1 in Shields
  1687 | D:2      | Reached skill level 1 in Unarmed Combat
  1687 | D:2      | Reached skill level 1 in Evocations
  2067 | D:3      | Reached XP level 4. HP: 41/41 MP: 8/8
  2832 | D:3      | Found a glowing silver altar of Zin.
  3135 | D:4      | Reached skill level 1 in Conjurations
  3135 | D:4      | Reached skill level 1 in Hexes
  3135 | D:4      | Reached skill level 1 in Summonings
  3135 | D:4      | Reached skill level 1 in Necromancy
  3135 | D:4      | Reached skill level 1 in Translocations
  3135 | D:4      | Reached skill level 1 in Transmutations
  3135 | D:4      | Reached skill level 1 in Ice Magic
  3135 | D:4      | Reached skill level 1 in Air Magic
  3135 | D:4      | Reached skill level 1 in Earth Magic
  3135 | D:4      | Reached skill level 1 in Poison Magic
  3137 | D:4      | Found a staircase to the Ecumenical Temple.
  3191 | D:4      | Reached XP level 5. HP: 41/47 MP: 3/9
  3341 | D:4      | Noticed a phantom
  3348 | D:4      | Killed a phantom
  3603 | D:4      | Reached XP level 6. HP: 53/53 MP: 5/10
  4020 | D:4      | Found a stormy altar of Qazlal.
  4023 | D:4      | Noticed a water elemental
  4024 | D:4      | Noticed a fire elemental
  4024 | D:4      | Noticed an air elemental
  4275 | D:5      | Entered Level 5 of the Dungeon
  4352 | D:5      | Noticed a two-headed ogre
  4403 | D:5      | Noticed a sky beast
  4408 | D:5      | Killed a sky beast
  4502 | D:5      | Reached XP level 7. HP: 56/59 MP: 3/12
  5357 | D:5      | Reached XP level 8. HP: 66/67 MP: 14/14
  5612 | D:5      | Killed a two-headed ogre
  6048 | D:6      | Noticed a two-headed ogre
  6057 | D:6      | Reached XP level 9. HP: 62/72 MP: 10/16
  6358 | D:6      | Reached skill level 5 in Spellcasting
  6655 | D:6      | Killed a two-headed ogre
  6898 | D:6      | Reached skill level 5 in Invocations
  7058 | D:6      | Noticed Prince Ribbit
  7069 | D:6      | Killed Prince Ribbit
  7669 | D:6      | Found a hide-covered altar of Uskayaw.
  7687 | D:6      | Reached XP level 10. HP: 79/80 MP: 11/18
  8191 | D:7      | Found a snail-covered altar of Cheibriados.
  8242 | D:7      | Reached skill level 5 in Long Blades
  8242 | D:7      | Reached skill level 5 in Axes
  8242 | D:7      | Reached skill level 5 in Maces & Flails
  8242 | D:7      | Reached skill level 5 in Polearms
  8242 | D:7      | Reached skill level 5 in Staves
  8242 | D:7      | Reached skill level 5 in Slings
  8242 | D:7      | Reached skill level 5 in Bows
  8242 | D:7      | Reached skill level 5 in Crossbows
  8242 | D:7      | Reached skill level 5 in Throwing
  8242 | D:7      | Reached skill level 5 in Armour
  8242 | D:7      | Reached skill level 5 in Dodging
  8242 | D:7      | Reached skill level 5 in Stealth
  8242 | D:7      | Reached skill level 5 in Shields
  8242 | D:7      | Reached skill level 5 in Unarmed Combat
  8242 | D:7      | Reached skill level 5 in Evocations
  9386 | D:7      | Learned a level 2 spell: Searing Ray
  9785 | D:8      | Noticed Maurice
  9794 | D:8      | Killed Maurice
 10010 | D:8      | Noticed a two-headed ogre
 10025 | D:8      | Killed a two-headed ogre
 10764 | D:9      | Found a shadowy altar of Dithmenos.
 10787 | D:9      | Found a white marble altar of Elyvilon.
 10828 | D:9      | Found a broken altar of Ashenzari.
 10956 | D:9      | Reached XP level 11. HP: 42/87 MP: 5/20
 11219 | D:9      | Found a staircase to the Lair.
 11578 | D:9      | Learned a level 2 spell: Passwall
 11870 | D:9      | Reached skill level 5 in Conjurations
 11870 | D:9      | Reached skill level 5 in Hexes
 11870 | D:9      | Reached skill level 5 in Summonings
 11870 | D:9      | Reached skill level 5 in Necromancy
 11870 | D:9      | Reached skill level 5 in Translocations
 11870 | D:9      | Reached skill level 5 in Transmutations
 11870 | D:9      | Reached skill level 5 in Ice Magic
 11870 | D:9      | Reached skill level 5 in Air Magic
 11870 | D:9      | Reached skill level 5 in Earth Magic
 11870 | D:9      | Reached skill level 5 in Poison Magic
 11977 | D:9      | Found a sacrificial altar of Ru.
 12099 | D:10     | Entered Level 10 of the Dungeon
 13197 | D:11     | Found a frozen archway.
 13234 | IceCv    | Entered an ice cave
 13468 | IceCv    | HP: 3/89 [ice statue/shard of ice (22)]
 14594 | IceCv    | Slain by an entropy weaver simulacrum

Illustrated notes

Levels and vault maps discovered:
D:1:      lemuel_arrival_muddy, layout_basic, minivault_14
D:2:      layout_basic, shapermc_ecumenical_altar_venn
D:3:      layout_loops_ring, mainiacjoe_overflow_alcove_4, chequers_big_river,
          grunt_decor_junction, chequers_serial_rivers_marsh
D:4:      layout_cave_pools, nicolae_qazlal_style_of_elements,
          minmay_temple_entry_gardened_gates
D:5:      kennysheep_spiral_hall, layout_loops_ring
D:6:      lemuel_ratsnest, layout_loops_ring,
          mainiacjoe_overflow_small_starburst, uniq_prince_ribbit1
D:7:      layout_loops_ring, cheibriados_altar_1, palyth_stone_intersect,
          minmay_statues_item
D:8:      layout_basic, uniq_maurice
D:9:      layout_roguey, nicolae_dithmenos_the_darkroom,
          nicolae_ru_path_of_blood, mainiacjoe_overflow_large_starburst,
          david_lair_generic
D:10:     layout_long_grid
D:11:     layout_cave_pools, portal_ice_cave_rime
IceCv:    ice_cave_caverns_03

Skill      XL: |  1  2  3  4  5  6  7  8  9 10 11 |
---------------+----------------------------------+-----
Invocations    | 1 2 3 4 5 6 7 |  7.3
Long Blades    | 1 2 3 4 5 6 |  6.7
Axes           | 1 2 3 4 5 6 |  6.7
Maces & Flails | 1 2 3 4 5 6 |  6.7
Polearms       | 1 2 3 4 5 6 |  6.7
Staves         | 1 2 3 4 5 6 |  6.7
Slings         | 1 2 3 4 5 6 |  6.7
Bows           | 1 2 3 4 5 6 |  6.7
Crossbows      | 1 2 3 4 5 6 |  6.7
Throwing       | 1 2 3 4 5 6 |  6.7
Armour         | 1 2 3 4 5 6 |  6.7
Dodging        | 1 2 3 4 5 6 |  6.7
Stealth        | 1 2 3 4 5 6 |  6.7
Shields        | 1 2 3 4 5 6 |  6.7
Unarmed Combat | 1 2 3 4 5 6 |  6.7
Evocations     | 1 2 3 4 5 6 |  6.7
Spellcasting   | 3 4 5 6 7 |  7.3
Conjurations   | 1 2 3 4 5 |  5.5
Hexes          | 1 2 3 4 5 |  5.5
Summonings     | 1 2 3 4 5 |  5.5
Necromancy     | 1 2 3 4 5 |  5.5
Translocations | 1 2 3 4 5 |  5.5
Transmutations | 1 2 3 4 5 |  5.5
Ice Magic      | 1 2 3 4 5 |  5.5
Air Magic      | 1 2 3 4 5 |  5.5
Earth Magic    | 1 2 3 4 5 |  5.5
Poison Magic   | 1 2 3 4 5 |  5.5
Fighting       | 7 8 9 |  9.4
Short Blades   | 7 8 9 |  9.4
Fire Magic     | 6 7 |  7.9

Action                   |  1- 3 |  4- 6 |  7- 9 | 10-12 || total
-------------------------+-------+-------+-------+-------++-------
Melee: Short sword       |   114 |    91 |   291 |   354 ||   850
       Bite              |     8 |    10 |    26 |    38 ||    82
       Punch             |       |       |     6 |     2 ||     8
Throw: Dart              |       |       |    20 |     4 ||    24
 Cast: Scorch            |    10 |    42 |    88 |   194 ||   334
       Searing Ray       |       |       |       |    15 ||    15
Invok: Foxfire Swarm     |       |       |     2 |     2 ||     4
       Fiery Armour      |       |       |     1 |     1 ||     2
Evoke: Wand              |       |       |       |    16 ||    16
  Use: Scroll            |       |       |       |    14 ||    14
       Potion            |       |       |       |     5 ||     5
 Stab: Sleeping          |     1 |       |     3 |    10 ||    14
       Distracted        |       |     1 |       |       ||     1
Armor: Robe              |    34 |    20 |    75 |   109 ||   238
       Skin              |       |       |       |    19 ||    19
Dodge: Dodged            |    82 |    34 |   166 |   222 ||   504
Block: Kite shield       |       |       |       |    83 ||    83

Table legend: (Time is in decaauts)
 A = Elapsed time spent in this place.
 B = Non-inter-level travel time spent in this place.
 C = Inter-level travel time spent in this place.
 D = Time resting spent in this place.
 E = Time spent auto-exploring this place.
 F = Levels seen in this place.
 G = Mean time per level.
                   A        B        C        D        E       F      G
               +--------+--------+--------+--------+--------+-----+--------+
         Total |  14402 |  14025 |    377 |   4952 |   6301 |  12 | 1200.2 |
       Dungeon |  13068 |  12691 |    377 |   4141 |   6301 |  11 | 1188.0 |
      Ice Cave |   1334 |   1334 |      0 |    811 |      0 |   1 | 1334.0 |
               +--------+--------+--------+--------+--------+-----+--------+

Top non-repeatable levels by time:
     D:6: 1845 daAuts
     D:5: 1754 daAuts
     D:7: 1577 daAuts
     D:9: 1363 daAuts
   IceCv: 1334 daAuts
     D:3: 1213 daAuts
     D:8: 1108 daAuts
     D:4: 1087 daAuts
     D:2: 1010 daAuts
     D:1: 989 daAuts
    D:10: 872 daAuts
    D:11: 246 daAuts
